 Dungeon Crawl Stone Soup version 0.24.0-123-gd5b16e6ec5 (webtiles) character file.

Game seed: 18164398289130486737, levelgen mode: deterministic

110 sagitran the Shield-Bearer (level 4, -1/38 HPs)
             Began as a Demigod Fighter on Dec 20, 2019.
             Killed by divine providence
             ... invoked by an orc priest
              (11 damage)
             ... on level 3 of the Dungeon.
             The game lasted 00:06:03 (2582 turns).

sagitran the Shield-Bearer (Demigod Fighter)        Turns: 2582, Time: 00:06:04

Health: -1/38      AC:  8    Str: 21    XL:     4   Next: 35%
Magic:  6/6        EV:  7    Int: 17    God:
Gold:   177        SH:  9    Dex: 15    Spells: 3/3 levels left

rFire    . . .     SeeInvis .   a - +0 long sword
rCold    . . .     Gourm    .   c - +0 shield
rNeg     . . .     Faith    .   b - +0 scale mail
rPois    .         Spirit   .   i - +0 helmet
rElec    .         Reflect  .   (no cloak)
rCorr    .         Harm     .   (no gloves)
MR       .....                  (no boots)
Stlth    ..........             (no amulet)
HPRegen  0.12/turn              (no ring)
MPRegen  0.10/turn              (no ring)

@: brilliant
A: high mp 1
a: no special abilities


You were on level 3 of the Dungeon.
You were not hungry.

You visited 1 branch of the dungeon, and saw 3 of its levels.

You collected 177 gold pieces.

Inventory:

Hand Weapons
 a - a +0 long sword (weapon)
Armour
 b - a +0 scale mail (worn)
 c - a +0 shield (worn)
 i - a +0 helmet (worn)
Jewellery
 j - an uncursed ring of positive energy
Wands
 l - a wand of random effects (20)
Scrolls
 e - a scroll of amnesia {unknown}
 g - a scroll of remove curse {unknown}
 h - a scroll of teleportation {unknown}
 m - a scroll of immolation {unknown}
Potions
 n - a potion of agility {unknown}
 o - a potion of lignification {unknown}
 p - a potion of haste {unknown}
Comestibles
 f - 2 rations


   Skills:
 + Level 3.1 Fighting
 + Level 2.8 Long Blades
 + Level 3.2 Armour
 + Level 0.2 Dodging
 + Level 3.5 Shields


You had 3 spell levels left.
You didn't know any spells.
Your spell library was empty.

Dungeon Overview and Level Annotations

Branches:
Dungeon (3/15)


Innate Abilities, Weirdness & Mutations

You have an increased reservoir of magic. (+10% MP)


Message History

The orc wizard gestures wildly while chanting.
The orc wizard blinks!
The orc wizard gestures wildly while chanting.
The orc wizard blinks!
The orc priest miscasts a cantrip.
You see here a cursed -3 short sword.
The orc wizard gestures at you while chanting.
The magic dart hits you but does no damage.
The orc wizard gestures wildly while chanting.
The orc wizard blinks!
The orc wizard barely misses you.
The orc priest enters a dispersal trap!
The orc wizard blinks!
You blink.
The orc priest invokes the aid of Beogh against you.
Pain shoots through your body!
* * * LOW HITPOINT WARNING * * *
The orc enters a dispersal trap!
The orc wizard blinks!
The orc priest blinks!
You blink.
The orc priest calls down the wrath of Beogh upon you.
Beogh smites you!
You die...

.......##########
######....oo...o# #≈≈≈≈≈≈≈#
##########.# ##≈≈≈≈≈≈≈##
#######o# #####≈≈≈≈≈≈≈≈≈#
#....o..# #...#≈≈..≈≈≈.≈#
##)####### #.###≈≈..≈....#
##...## #.####.(.....#
.##.o..^#######.##.#.......#
#....o..o...>@...#.###.....#
####.....########.#####...####
##...########.###..#...#..#
≈≈≈≈≈≈≈≈......## #..#.).#..#
≈≈≈≈≈≈≈≈≈≈≈≈###.###..#..)#..#
≈≈≈≈≈≈≈≈≈≈≈≈≈≈##.###.#....#
≈≈≈≈≈≈≈≈≈≈≈≈≈≈≈≈#.#.##....#
≈≈≈###.≈≈≈≈≈≈≈≈≈≈#.###...(# .#
#≈≈≈≈≈≈≈≈.# ##.#.#


You could see an orc priest.

Vanquished Creatures
  Robin (D:2)
  An adder (D:2)
  An ooze (D:1)
  2 dart slugs
  2 leopard geckos (D:2)
  5 bats
  3 giant cockroaches
  12 goblins
  16 hobgoblins
  10 jackals
  A quokka (D:3)
  A ball python (D:2)
  4 frilled lizards
  6 kobolds
  5 rats
70 creatures vanquished.

Notes
Turn   | Place    | Note
-------+----------+-------------------------------------------
     0 | D:1      | sagitran the Demigod Fighter began the quest for the Orb.
     0 | D:1      | Reached XP level 1. HP: 18/18 MP: 3/3
   305 | D:1      | Reached XP level 2. HP: 21/25 MP: 4/4
   596 | D:2      | Reached XP level 3. HP: 7/31 MP: 5/5
   999 | D:2      | Noticed Robin
  1694 | D:2      | Reached XP level 4. HP: 28/38 MP: 6/6
  1710 | D:2      | Killed Robin
  2075 | D:2      | Found a blossoming altar of Fedhas.
  2078 | D:2      | Found a stormy altar of Qazlal.
  2582 | D:3      | Killed from afar by an orc priest

Levels and vault maps discovered:
D:1:      co_arrival_random_square_maze, layout_rooms
D:2:      minmay_alternating_diamond, layout_loops_ring,
          grunt_temple_overflow_forces_of_nature, kennysheep_path_1, uniq_robin
D:3:      wander_river, layout_loops_ring, nicolae_underground_beach

Skill      XL: |  1  2 |
---------------+-------+-----
Long Blades    | 2 |  2.8
Fighting       | 3 |  3.1
Shields        | 3 |  3.5
Armour         | 3 |  3.2
Dodging        | |  0.2

Action                   |  1- 3 |  4- 6 || total
-------------------------+-------+-------++-------
Melee: Long sword        |   175 |    52 ||   227
  Use: Potion            |     1 |     2 ||     3
  Eat: Chunk             |     2 |       ||     2
       Ration            |     1 |       ||     1
Armor: Scale mail        |    99 |    14 ||   113
Dodge: Dodged            |    74 |    14 ||    88
Block: Shield            |   142 |    29 ||   171
       Rpst.: Long sword |    16 |     5 ||    21
